 Dungeon Crawl Stone Soup version bcrawl-1.12-11-gb93c957c58 (console) character file.

Game seed: 3562215305394766951

1137 CALLOUS the Fighter (level 8, -1/75 HPs)
             Began as a Purple Draconian Berserker on June 26, 2019.
             Was a Priest of Trog.
             Slain by a gnoll
             ... wielding a +0 halberd
              (13 damage)
             ... on level 5 of the Dungeon.
             The game lasted 01:37:10 (6554 turns).

CALLOUS the Fighter (Purple Draconian Berserker)    Turns: 6554, Time: 01:37:10

Health: -1/75      AC:  6    Str: 20    XL:     8   Next: 14%
Magic:  9/10       EV: 14    Int:  8    God:    Trog [***...]
Gold:   266        SH:  0    Dex: 12    Spells: 7/7 levels left

rFire    + . .     SeeInvis .   a - +2 dagger (venom)
rCold    . . .     Gourm    .   (no shield)
rNeg     . . .     Faith    .   (armour unavailable)
rPois    .         Spirit   .   (helmet restricted)
rElec    .         Reflect  .   (no cloak)
rCorr    .         Harm     .   i - +0 pair of gloves
MR       +....                  D - -2 pair of boots (curse)
Stlth    ++........             (no amulet)
HPRegen  0.22/turn              p - ring of protection from fire
MPRegen  0.12/turn              (no ring)

@: berserk cooldown, slowed, lightly drained, very slow
A: breathe power, unfitting armour, cold-blooded, AC +6
a: Breathe Dispelling Energy, Berserk, Trog's Hand, Renounce Religion


You were on level 5 of the Dungeon.
You worshipped Trog.
Trog was most pleased with you.
You were hungry.

You visited 1 branch of the dungeon, and saw 5 of its levels.

You collected 331 gold pieces.
You spent 65 gold pieces at shops.

Inventory:

Hand Weapons
 a - a +2 dagger of venom (weapon)
 b - a +0 mace
 y - a +2 dagger of speed
 B - a +0 blowgun
 E - a +0 falchion
 G - a +0 hand axe
 O - a +0 trident
 W - a +0 hunting sling
Missiles
 c - 490 arrows
 e - 982 stones (quivered)
 m - 551 poisoned needles
 J - 232 bolts
 U - 93 sling bullets
Armour
 i - a +0 pair of gloves (worn)
 l - a +0 hat
 D - a cursed -2 pair of boots (worn)
 H - a +0 pair of boots
Jewellery
 p - a ring of protection from fire (left hand)
 r - an uncursed amulet of guardian spirit {unknown}
 t - an uncursed amulet of faith {unknown}
 F - an uncursed ring of wizardry
Wands
 R - a wand of random effects (6)
Scrolls
 g - a scroll of identify
 u - 2 scrolls of noise
 x - a scroll of enchant armour
 A - a scroll of immolation
 I - 3 scrolls of enchant weapon
 K - 3 scrolls of teleportation
 M - 2 scrolls of fear
 Q - 2 scrolls of amnesia
 T - a scroll of remove curse
Potions
 h - a potion of resistance {unknown}
 j - a potion of degeneration {unknown}
 n - a potion of curing {unknown}
 o - a potion of might {unknown}
 v - a potion of invisibility {unknown}
 C - a potion of mutation {unknown}
 L - a potion of agility {unknown}
Comestibles
 d - 5 rations {!d}
 V - a chunk of flesh


   Skills:
 * Level 8.7(8.6) Fighting
 - Level 3.0(2.9) Maces & Flails
 + Level 4.7 Dodging
 + Level 3.3(3.2) Stealth
 * Level 2.7 Evocations


You had 7 spell levels left.
You didn't know any spells.
Your spell library was empty.

Dungeon Overview and Level Annotations

Branches:
Dungeon (5/12)
 Temple: D:4-7

Altars:
Cheibriados
Dithmenos
Hepliaklqana
Wu Jian
Xom

Shops:
D:4 ?

Annotations:
D:1 1 exclusion
D:2 1 exclusion
D:3 1 exclusion
D:4 6eEDflailofprot+8wandofscattershort+2chainofrf+6nDwandofdisi7hED, exclusion: centaur, Edmund
D:5 exclusion: zombie, Grinder


Innate Abilities, Weirdness & Mutations

You can breathe bolts of dispelling energy.
Your rich purple scales are hard. (AC +6)
You cannot fit into any form of body armour.
You are cold-blooded and may be slowed by cold attacks.


Message History

The gnoll hits you with a +0 club.
* * * LOW HITPOINT WARNING * * *
The gnoll hits you with a +0 club!
* * * LOW HITPOINT WARNING * * *
The gnoll misses you.
Press: ? - help, v - describe, . - travel
Here: a gnoll, wielding a +0 club The floor.
Unknown command.
Okay, then.
Press: ? - help, v - describe, . - travel
Here: a gnoll, wielding a +0 club The floor.
Unknown command.
You closely miss the gnoll.
You have got your breath back.
The gnoll hits you with a +0 club.
* * * LOW HITPOINT WARNING * * *
The gnoll hits you with a +0 halberd!
You die...

#...#.# #####+#.#.#.##.#
..........#....#
###.....#..# #.....##.#
##. ###........# ....
........##.# .....
.##....###.###......
###+#.....'...>.'......
##....##..g####.##......
#.....'...g@).†.......##
#.....#########.........
#.... #######.## #... #
#.. #. #


You could see 2 gnolls.

Vanquished Creatures
  Duvessa (D:4)
  A sky beast (D:5)
  A phantom (D:3)
  2 ogres
  A gnoll sergeant (D:5)
  Dowan (D:4)
  A crimson imp (D:4)
  A centaur zombie (D:5)
  3 hounds (D:4)
  A centaur skeleton (D:4)
  2 orc wizards
  Natasha (twice) (D:4)
  An iguana (D:3)
  3 worker ants (D:4)
  A worker ant zombie (D:4)
  3 gnolls (D:5)
  4 adders
  2 worms
  4 dart slugs
  2 leopard geckos
  15 orcs
  2 giant cockroaches
  8 goblins
  10 hobgoblins
  9 jackals
  5 quokkas
  2 ball pythons
  6 bats
  5 frilled lizards
  12 kobolds
  6 rats
117 creatures vanquished.

Notes
Turn   | Place    | Note
-------+----------+-------------------------------------------
     0 | D:1      | CALLOUS the Draconian Berserker began the quest for the
                  | Orb.
     0 | D:1      | Reached XP level 1. HP: 19/19 MP: 1/1
   358 | D:1      | Reached XP level 2. HP: 27/27 MP: 2/2
   555 | D:1      | Reached skill level 4 in Fighting
  1196 | D:1      | Reached XP level 3. HP: 30/34 MP: 3/3
  1288 | D:1      | Reached ** piety under Trog
  2055 | D:2      | Found an ornate altar of the Wu Jian Council.
  2860 | D:3      | Reached XP level 4. HP: 41/41 MP: 4/4
  2903 | D:3      | Reached skill level 5 in Fighting
  3004 | D:3      | Reached skill level 1 in Stealth
  3337 | D:3      | Reached *** piety under Trog
  3443 | D:3      | Noticed a phantom
  3537 | D:3      | Reached XP level 5. HP: 49/49 MP: 5/5
  3775 | D:3      | Found a snail-covered altar of Cheibriados.
  3775 | D:3      | Found a shimmering altar of Xom.
  3776 | D:3      | Found a hazy altar of Hepliaklqana.
  3983 | D:4      | Noticed an ogre
  4014 | D:4      | Noticed Duvessa
  4014 | D:4      | Noticed Dowan
  4158 | D:4      | Reached skill level 6 in Fighting
  4252 | D:4      | Noticed Natasha
  4275 | D:4      | Killed Natasha
  4424 | D:4      | Reached XP level 6. HP: 56/58 MP: 6/6
  4724 | D:4      | Noticed Edmund
  4952 | D:4      | Found Nyrij's Magic Scroll Shoppe.
  5066 | D:4      | Killed Dowan
  5066 | D:4      | Reached skill level 7 in Fighting
  5066 | D:4      | Reached skill level 1 in Evocations
  5123 | D:4      | Bought a scroll of identify for 20 gold pieces
  5123 | D:4      | Bought a scroll of noise for 10 gold pieces
  5123 | D:4      | Bought a scroll of fear for 35 gold pieces
  5140 | D:4      | Noticed Natasha
  5458 | D:4      | Your scales start taking on a rich purple colour.
  5458 | D:4      | Reached XP level 7. HP: 66/66 MP: 8/8
  5476 | D:4      | Noticed a hippogriff
  5517 | D:4      | Killed Natasha
  5837 | D:4      | Killed Duvessa
  6067 | D:5      | Entered Level 5 of the Dungeon
  6083 | D:5      | Reached skill level 8 in Fighting
  6143 | D:5      | Found a shadowy altar of Dithmenos.
  6361 | D:5      | Noticed Grinder
  6365 | D:5      | Reached XP level 8. HP: 72/75 MP: 9/9
  6554 | D:5      | Slain by a gnoll

Skill      XL: |  1  2  3  4  5  6  7 |
---------------+----------------------+-----
Fighting       | 4 5 6 7 8 |  8.7
Dodging        | 3 4 |  4.7
Stealth        | 1 2 3 |  3.3
Evocations     | 1 2 |  2.7
Maces & Flails | |  3.0

Action                   |  1- 3 |  4- 6 |  7- 9 || total
-------------------------+-------+-------+-------++-------
Melee: Mace              |   108 |   146 |       ||   254
       Dagger            |     1 |    29 |    59 ||    89
       Tailslap          |    10 |    25 |    15 ||    50
       Hand axe          |       |     4 |       ||     4
 Fire: Blowgun           |       |    14 |     6 ||    20
Throw: Stone             |   287 |   170 |    23 ||   480
Invok: Berserk           |     1 |     3 |     2 ||     6
 Abil: Breathe Dispellin |       |       |    16 ||    16
Evoke: Wand              |       |     1 |     1 ||     2
  Use: Scroll            |       |       |     6 ||     6
 Stab: Sleeping          |     1 |     2 |       ||     3
  Eat: Chunk             |     6 |    12 |     7 ||    25
Armor: Skin              |    37 |    37 |    11 ||    85
Dodge: Dodged            |    87 |   117 |    31 ||   235
